 Dungeon Crawl Stone Soup version 0.32-a0-599-gba8f9cf90e (webtiles) character file.

Game seed: 10746290506014640190

7976 PriceMaster the Thaumaturge (level 11, -2/48 HPs)
             Began as a Spriggan Alchemist on Mar 3, 2024.
             Was an Initiate of Gozag.
             Shot with a sling bullet by Joseph (6 damage)
             ... on level 9 of the Dungeon.
             The game lasted 00:28:43 (16752 turns).

PriceMaster the Thaumaturge (Spriggan Alchemist)   Turns: 16752, Time: 00:28:43

Health: -2/48      AC:  3    Str:  4    XL:     11   Next: 3%
Magic:  2/28       EV: 19    Int: 24    God:    Gozag
Gold:   1803       SH:  5    Dex: 16    Spells: 4/35 levels left

rFire   + + .        b - +2 falchion (elec)
rCold   x . .        x - orb {*Rage}
rNeg    . . .        a - +0 robe
rPois   .            (helmet restricted)
rElec   .            g - +0 cloak of the Thief {Quiet Slay-3 SInv Stlth+}
rCorr   .            (gloves unavailable)
SInv    +            (boots unavailable)
Will    ++...        h - amulet "Bovvuox" {Reflect rF+ Int+3 SH+5}
Stlth   +++++        t - ring of fire
HPRegen 0.28/turn    u - ring of willpower
MPRegen 0.21/turn

%: random rage (20%), reflection
@: weakened, hasted, studying Evocations, very quick
A: very small, no large weapons, unfitting armour, see invisible, speed 3
a: Renounce Religion, Potion Petition, Call Merchant, Bribe Branch


You were on level 9 of the Dungeon.
You worshipped Gozag.
Gozag was most pleased with you.
You visited 1 branch of the dungeon, and saw 9 of its levels.

You collected 2015 gold pieces.
You spent 128 gold pieces at shops.
You paid 84 gold pieces to Gozag.

Inventory:

Hand Weapons
 b - a +2 falchion of electrocution (weapon)
Missiles
 m - a throwing net
Armour
 a - a +0 robe (worn)
 g - the +0 cloak of the Thief (worn) {Quiet Slay-3 SInv Stlth+}
   (You acquired it on level 8 of the Dungeon)

   Quiet:     All noise in your surroundings is dampened.
   Slay-3:    It affects your accuracy & damage with ranged weapons and melee
   (-3).
   SInv:      It lets you see invisible.
   Stlth+:    It makes you more stealthy.
 p - a +0 cloak
 x - an orb of wrath (worn)
Magical Staves
 z - a staff of alchemy
Jewellery
 h - the amulet "Bovvuox" (around neck) {Reflect rF+ Int+3 SH+5}
   (You acquired it on level 8 of the Dungeon)

   [amulet of reflection]

   Reflect:   It reflects blocked missile attacks.
   Int+3:     It affects your intelligence (+3).
   rF+:       It protects you from fire.
   SH+5:      It affects your SH (+5).
 t - a ring of fire (left hand)
 u - a ring of willpower (right hand)
 v - a ring of resist corrosion
Wands
 l - a wand of quicksilver (4)
Scrolls
 d - a scroll of silence
 e - 5 scrolls of immolation
 f - 4 scrolls of teleportation
 i - a scroll of amnesia
 j - a scroll of poison
 o - 4 scrolls of identify
 y - 2 scrolls of enchant weapon {unknown}
Potions
 c - a potion of mutation
 k - 2 potions of invisibility {unknown}
 q - 3 potions of haste
 s - 2 potions of lignification {unknown}
 w - a potion of experience {unknown}
 A - 2 potions of resistance {unknown}


   Skills:
 + Level 0.4 Fighting
 + Level 0.9 Long Blades
 + Level 5.0 Dodging
 * Level 9.8 Stealth
 * Level 12.7 Spellcasting
 + Level 2.6 Conjurations
 + Level 2.5 Fire Magic
 + Level 0.1 Ice Magic
 + Level 1.2 Air Magic
 + Level 0.4 Earth Magic
 * Level 11.5 Alchemy
 * Level 1.8 Evocations


You had 4 spell levels left.
You knew the following spells:

 Your Spells              Type           Power      Damage    Failure   Level
a - Sting                 Conj/Alch      100%       1d9       1%          1
b - Mercury Vapours       Alch/Air       90%        N/A       1%          2
c - Stone Arrow           Conj/Erth      44%        3d9       6%          3
d - Olgreb's Toxic Radia  Alch           63%        N/A       1%          4
e - Sticky Flame          Fire/Alch      65%        2d11      2%          4
f - Mephitic Cloud        Conj/Alch/Air  39%        N/A       1%          3
g - Ignite Poison         Fire/Alch      65%        N/A       2%          4
h - Freezing Cloud        Conj/Ice/Air   10%        6-21      54%         5
i - Yara's Violent Unrav  Hex/Alch       21%        3d10      11%         5

Your spell library contained the following spells:

 Spells                   Type           Power      Damage    Failure   Level
 Magic Dart               Conj           100%       1d8       1%          1
 Cigotuvi's Dreadful Rot  Necr/Alch/Air  70%        N/A       1%          2
 Searing Ray              Conj           56%        2d6       1%          2
 Fulminant Prism          Conj/Alch      24%        3d12      2%          4
 Sandblast                Erth           34%        2d9       3%          1
 Leda's Liquefaction      Alch/Erth      22%        N/A       3%          4
 Petrify                  Alch/Erth      44%        N/A       3%          4
 Ensorcelled Hibernation  Hex/Ice        30%        N/A       6%          2
 Jinxbite                 Hex            30%        N/A       6%          2
 Lesser Beckoning         Tloc           30%        N/A       6%          2
 Inner Flame              Hex/Fire       32%        N/A       7%          3
 Swiftness                Air            21%        N/A       7%          3
 Passwall                 Erth           17%        N/A       10%         3
 Frozen Ramparts          Ice            30%        1d5       12%         3
 Gell's Gravitas          Tloc           15%        N/A       12%         3
 Teleport Other           Tloc           15%        N/A       12%         3
 Flame Wave               Conj/Fire      41%        2d11      14%         4
 Brom's Barrelling Bould  Conj/Erth      22%        2d4       21%         4
 Metabolic Englaciation   Hex/Ice        7%         N/A       71%         5
 Enfeeble                 Hex            7%         N/A       100%        7


Dungeon Overview and Level Annotations

Branches:
Dungeon (9/15)             Temple (0/1) D:7            Lair (0/5) D:8
    Orc: D:9-12

Altars:
Gozag
Hepliaklqana
Okawaru
Qazlal
Sif Muna
Uskayaw
Wu Jian
Xom
Yredelemnul
Zin

Shops:
D:5 (   D:7 (   D:8 !

Annotations:
D:9 Joseph


Innate Abilities, Weirdness & Mutations

You are very small and have problems with some larger weapons.
You are too small for most types of armour.
You have supernaturally acute eyesight. (SInv)
You cover ground extremely quickly. (Speed+++)


Message History

The gnoll bouda looks frightened!
Joseph looks even sicker.
Your attack snaps the gnoll bouda out of its fear.
Joseph shoots a sling bullet.
The sling bullet hits you!
Joseph looks even sicker.
Joseph shoots a sling bullet.
The sling bullet misses you.
Casting: Olgreb's Toxic Radiance (safe; 1% risk of failure)
Confirm with . or Enter, or press ? or * to list all spells.
Aiming: Sting (safe; 1% risk of failure)
Press: ? - help, Shift-Dir - straight line
Okay, then.
Your toxic aura wanes.
A gnoll comes into view. It is wielding a +0 halberd.
Casting: Sting (safe; 1% risk of failure)
Confirm with . or Enter, or press ? or * to list all spells.
Aiming: Sting (safe; 1% risk of failure)
Press: ? - help, Shift-Dir - straight line
Okay, then.
Joseph tries to grin evilly.
Joseph shoots a sling bullet.
The sling bullet hits you!
The gnoll bouda barks out a call to the hunt!
The gnoll picks up the pace!
A gnoll comes into view. It is wielding a +0 whip.
The gnoll shouts! x2
Casting: Sting (safe; 1% risk of failure)
Confirm with . or Enter, or press ? or * to list all spells.
Aiming: Sting (safe; 1% risk of failure)
Press: ? - help, Shift-Dir - straight line, f - Joseph
Aim: Joseph, wielding a +0 sling and wearing a +3 leather armour of willpower (heavily wounded, very poisoned, 78% to hit)
The sting hits Joseph but does no damage.
Joseph looks as sick as possible!
Joseph is heavily wounded.
Joseph shoots a sling bullet.
The sling bullet hits you!
* * * LOW HITPOINT WARNING * * *
The gnoll bouda gazes fiercely through you!
You feel your attacks grow feeble.
It was a potion of haste.
You feel yourself speed up.
A gnoll comes into view. It is wielding a +0 spear.
Joseph shoots a sling bullet.
The sling bullet hits you.
You die...
Your body crumbles into a pile of gold.

#...........#
#.######.P...#
#.# ##....T...
#.#######......♣.
#.......@P..P#.#
#.#######..P## #
#.# ##..#
#.########..#
#...@........
#............
#....g..@...#
#....<......#
#.....g.....#
#.......g....
#............
#.......g.###
#.######..#


You could see Joseph (extremely poisoned), a gnoll bouda (poisoned) and 3
gnolls.

Vanquished Creatures
  A hydra (D:9)
  Pikel (D:7)
  A deep elf pyromancer (D:8)
  An elephant (D:8)
  4 kobold demonologists (D:8)
  A troll (D:9)
  Grinder (D:3)
  3 vampires (D:8)
  Sigmund (D:2)
  A human (D:3)
  A steam dragon (D:7)
  A basilisk (D:8)
  A yak (D:8)
  Menkaure (D:4)
  A water moccasin (D:5)
  4 black bears
  2 sky beasts
  4 ogres
  An ice beast (D:6)
  A centaur (D:7)
  3 lemures (D:7)
  Blork the orc (D:6)
  6 bullfrogs
  4 scorpions
  2 wights (D:7)
  A wyvern skeleton (D:6)
  3 water moccasin zombies (D:6)
  4 killer bees (D:7)
  2 howler monkeys (D:7)
  A bombardier beetle (D:5)
  2 bullfrog zombies (D:6)
  Crazy Yiuf (D:7)
  4 jellies
  6 orc priests
  A centaur skeleton (D:6)
  3 hounds
  A bullfrog skeleton (D:6)
  Terence (D:2)
  A sleepcap (D:5)
  Ijyb (D:3)
  2 iguanas
  6 orc wizards
  2 killer bee zombies (D:6)
  A howler monkey zombie (D:6)
  A howler monkey skeleton (D:6)
  2 adders
  2 white imps
  4 ufetubi
  A dart slug (D:5)
  26 orcs
  6 ball pythons
  4 endoplasms
  5 giant cockroaches
  9 goblins
  7 hobgoblins
  A jackal (D:4)
  2 quokkas
  6 bats
  4 frilled lizards
  A goblin skeleton (D:3)
  3 kobolds
  A rat (D:2)
176 creatures vanquished.

Vanquished Creatures (others)
  5 dream sheep (D:7)
5 creatures vanquished.

Grand Total: 181 creatures vanquished

Notes
Turn   | Place    | Note
-------+----------+-------------------------------------------
     0 | D:1      | PriceMaster the Spriggan Alchemist began the quest for the
                  | Orb.
     0 | D:1      | Reached XP level 1. HP: 9/9 MP: 5/5
   296 | D:1      | Reached XP level 2. HP: 13/13 MP: 4/6
   299 | D:1      | Learned a level 2 spell: Mercury Vapours
   520 | D:1      | Reached skill level 3 in Spellcasting
   649 | D:1      | Found a faded altar of an unknown god.
  1661 | D:2      | Reached XP level 3. HP: 16/16 MP: 4/8
  1703 | D:2      | Noticed Terence
  1722 | D:2      | Killed Terence
  1723 | D:2      | Reached skill level 1 in Conjurations
  1968 | D:2      | Learned a level 3 spell: Stone Arrow
  2116 | D:2      | Noticed Sigmund
  2125 | D:2      | Killed Sigmund
  2126 | D:2      | Reached skill level 4 in Spellcasting
  2126 | D:2      | Reached XP level 4. HP: 21/21 MP: 0/11
  2126 | D:2      | Reached XP level 5. HP: 24/24 MP: 0/12
  2515 | D:3      | Noticed Ijyb
  2516 | D:3      | Reached skill level 5 in Spellcasting
  2563 | D:3      | Killed Ijyb
  2564 | D:3      | Reached XP level 6. HP: 10/28 MP: 0/14
  2833 | D:3      | Noticed Grinder
  2841 | D:3      | Paralysed by Grinder for 5 turns
  2863 | D:3      | Paralysed by Grinder for 5 turns
  2881 | D:3      | Killed Grinder
  2882 | D:3      | Reached skill level 5 in Alchemy
  3147 | D:3      | Found a hazy altar of Hepliaklqana.
  3243 | D:3      | Found a hide-covered altar of Uskayaw.
  3244 | D:3      | Found a shimmering blue altar of Sif Muna.
  3244 | D:3      | Found an iron altar of Okawaru.
  3306 | D:3      | Found a stormy altar of Qazlal.
  3381 | D:3      | Found a runed translucent door.
  3381 | D:3      | Noticed a human
  3384 | D:3      | Found a basalt altar of Yredelemnul.
  3417 | D:3      | Killed a human
  3704 | D:4      | Reached skill level 5 in Stealth
  3704 | D:4      | Reached XP level 7. HP: 32/32 MP: 5/16
  3709 | D:4      | Learned a level 4 spell: Olgreb's Toxic Radiance
  3714 | D:4      | Learned a level 4 spell: Sticky Flame
  3895 | D:4      | Noticed Menkaure
  4067 | D:4      | Killed Menkaure
  4068 | D:4      | Reached skill level 6 in Spellcasting
  4729 | D:4      | Learned a level 3 spell: Mephitic Cloud
  5092 | D:5      | Entered Level 5 of the Dungeon
  5346 | D:5      | Reached skill level 7 in Spellcasting
  5350 | D:5      | Reached XP level 8. HP: 36/36 MP: 1/19
  5883 | D:5      | Found an opulent altar of Gozag.
  6190 | D:5      | Became a worshipper of Gozag Ym Sagoz the Greedy
  6427 | D:5      | Reached skill level 8 in Spellcasting
  6949 | D:5      | Found Latydgh's Antique Weapon Emporium.
  7013 | D:5      | Reached skill level 1 in Air Magic
  7159 | D:6      | Noticed Blork the orc
  7168 | D:6      | Reached skill level 1 in Fire Magic
  7194 | D:6      | Found an ornate altar of the Wu Jian Council.
  7247 | D:6      | Killed Blork the orc
  7877 | D:6      | Reached XP level 9. HP: 33/40 MP: 9/22
  8020 | D:6      | Reached skill level 9 in Spellcasting
  8203 | D:6      | Reached skill level 5 in Dodging
  8558 | D:6      | Learned a level 4 spell: Ignite Poison
  9243 | D:7      | Found a glowing silver altar of Zin.
  9948 | D:7      | Found a staircase to the Ecumenical Temple.
  9952 | D:7      | Noticed Pikel
  9959 | D:7      | Killed Pikel
  9960 | D:7      | Reached skill level 10 in Spellcasting
 10559 | D:7      | Found Umaficou's Antique Weapon Emporium.
 11063 | D:7      | Found a runed translucent door.
 11064 | D:7      | Noticed Crazy Yiuf
 11659 | D:7      | Found a shimmering altar of Xom.
 11661 | D:7      | Reached XP level 10. HP: 44/44 MP: 20/25
 11877 | D:7      | Killed Crazy Yiuf
 12740 | D:8      | Found Qiblown's Distillery.
 12749 | D:8      | Bought a potion of mutation for 128 gold pieces
 12772 | D:8      | Reached skill level 11 in Spellcasting
 12782 | D:8      | Reached skill level 10 in Alchemy
 13282 | D:8      | Identified 3 scrolls of acquirement
 13283 | D:8      | Acquired the +0 cloak of the Thief {Quiet Slay-3 SInv
                  | Stlth+}
 13283 | D:8      | Found the +0 cloak of the Thief {Quiet Slay-3 SInv Stlth+}
 13349 | D:8      | Acquired the amulet "Bovvuox" {Reflect rF+ Int+3 SH+5}
 13356 | D:8      | Acquired 888 gold pieces
 14377 | D:8      | Noticed an elephant
 14384 | D:8      | Killed an elephant
 14589 | D:8      | Learned a level 5 spell: Freezing Cloud
 15122 | D:8      | Found a staircase to the Lair.
 16139 | D:8      | Reached skill level 12 in Spellcasting
 16431 | D:8      | Noticed a deep elf pyromancer
 16437 | D:8      | Killed a deep elf pyromancer
 16518 | D:8      | Noticed a rust devil
 16555 | D:8      | Learned a level 5 spell: Yara's Violent Unravelling
 16661 | D:9      | Noticed a seven-headed hydra
 16665 | D:9      | Noticed Joseph
 16685 | D:9      | Killed a seven-headed hydra
 16686 | D:9      | Reached skill level 1 in Evocations
 16686 | D:9      | Reached XP level 11. HP: 43/48 MP: 3/28
 16752 | D:9      | Shot with a sling bullet by Joseph

Illustrated notes

Levels and vault maps discovered:
D:1:      nzn_arrival_crosshair, layout_loops_ring,
          shapermc_ecumenical_altar_hornbeckon, hangedman_glass_teeth,
          nicolae_twisty_statue_hallways
D:2:      layout_basic, serial_co_window_serial, co_window_paths_b,
          co_window_corner_a, co_window_corner_a, co_window_paths_a,
          co_window_paths_a, co_window_paths_a, co_window_paths_b,
          co_window_paths_b, co_window_of_opportunity_a,
          co_window_of_opportunity_c, co_window_unsneaky_path_e,
          co_window_broadway_b, co_window_paths_e, co_window_4corner_b,
          glass_columns_b, glass_columns_a, uniq_sigmund, uniq_terence
D:3:      layout_rooms, mainiacjoe_overflow_alcove_1,
          mainiacjoe_overflow_catwalk, minitemple, dk_yredelemnul_ordeal,
          uniq_grinder, uniq_ijyb
D:4:      minmay_angry_zag, layout_loops_ring, uniq_menkaure
D:5:      layout_loops_cross, nicolae_gozag_seed_capital, serial_shops,
          nicolae_shop_temple_entry_statues_fountains, kennysheep_crisscross,
          minmay_misc_feat_pillars
D:6:      layout_rooms, mainiacjoe_overflow_small_starburst, serial_undead,
          serial_undead_f, serial_undead_b, serial_undead_b, serial_undead_d,
          serial_undead_b, nicolae_nh_ransacked_shop, uniq_blork_the_orc
D:7:      layout_loops_corners, kb_xom_exploding_sheep,
          mainiacjoe_overflow_cross_hatched, minmay_temple_entry_mist,
          serial_shops, shop, reono_crystal_passage,
          serial_library_hellmonk_double_dead_end, kennysheep_generic_room_9,
          uniq_pikel, uniq_crazy_yiuf_cottage
D:8:      layout_rooms, david_lair_generic, serial_library,
          serial_library_hellmonk_reading_circle,
          serial_library_hellmonk_octagon,
          serial_library_hellmonk_recessed_alcove,
          serial_library_regret_index_double_sided,
          serial_library_hellmonk_room_c, serial_library_hellmonk_angled_corner,
          serial_library_regret_index_headful, serial_shops, shop,
          grunt_ogre_cave
D:9:      layout_long_grid, hellmonk_guarded_unrand_vines, uniq_prince_ribbit1,
          uniq_joseph

Skill      XL: |  1  2  3  4  5  6  7  8  9 10 |
---------------+-------------------------------+-----
Spellcasting   | 3 4 5 7 8 10 12 | 12.7
Alchemy        | 4 5 6 8 9 11 | 11.5
Dodging        | 3 4 5 |  5.0
Conjurations   | 1 2 |  2.6
Stealth        | 4 5 6 7 8 9 |  9.8
Air Magic      | 1 |  1.2
Fire Magic     | 1 2 |  2.5
Evocations     | 1 |  1.8
Fighting       | |  0.4
Long Blades    | |  0.9
Ice Magic      | |  0.1
Earth Magic    | |  0.4

Action                     |  1- 3 |  4- 6 |  7- 9 | 10-12 || total
---------------------------+-------+-------+-------+-------++-------
  Melee: Unarmed           |     1 |       |     3 |       ||     4
         Falchion          |       |    16 |    35 |     1 ||    52
   Cast: Sting             |    59 |    27 |    67 |    17 ||   170
         Stone Arrow       |     2 |     4 |     9 |     4 ||    19
         Mercury Vapours   |     1 |     7 |     7 |       ||    15
         Olgreb's Toxic Ra |       |       |    46 |    34 ||    80
         Mephitic Cloud    |       |       |    11 |    16 ||    27
         Sticky Flame      |       |       |    19 |     6 ||    25
         Ignite Poison     |       |       |    12 |    20 ||    32
         Freezing Cloud    |       |       |       |     4 ||     4
  Evoke: Wand              |       |       |     5 |       ||     5
    Use: Potion            |     1 |       |     4 |     1 ||     6
         Scroll            |       |       |     2 |    13 ||    15
   Stab: Sleeping          |       |     1 |     1 |       ||     2
         Distracted        |       |       |     1 |       ||     1
 Armour: Robe              |     4 |    10 |    48 |    14 ||    76
  Dodge: Dodged            |    12 |    23 |   130 |    11 ||   176

Table legend: (Time is in decaauts)
 A = Elapsed time spent in this place.
 B = Non-inter-level travel time spent in this place.
 C = Inter-level travel time spent in this place.
 D = Time resting spent in this place.
 E = Time spent auto-exploring this place.
 F = Levels seen in this place.
 G = Mean time per level.
                   A        B        C        D        E       F      G
               +--------+--------+--------+--------+--------+-----+--------+
         Total |  14531 |  14377 |    154 |   9011 |   3828 |   9 | 1614.6 |
       Dungeon |  14531 |  14377 |    154 |   9011 |   3828 |   9 | 1614.6 |
               +--------+--------+--------+--------+--------+-----+--------+

Top non-repeatable levels by time:
     D:8: 4153 daAuts
     D:7: 2594 daAuts
     D:5: 2337 daAuts
     D:6: 1297 daAuts
     D:4: 1214 daAuts
     D:2: 1137 daAuts
     D:3: 951 daAuts
     D:1: 756 daAuts
     D:9: 87 daAuts
